 Dungeon Crawl Stone Soup version 0.27-a0-262-gc50aac273e (webtiles) character file.

Game seed: 15786074627885042676

1476 Borgoz the Skirmisher (level 8, -14/70 HPs)
             Began as a Ghoul Gladiator on Feb 5, 2021.
             Demolished by an orc warrior
             ... wielding a +0 battleaxe
              (21 damage)
             ... on level 6 of the Dungeon.
             The game lasted 00:06:57 (6989 turns).

Borgoz the Skirmisher (Ghoul Gladiator)             Turns: 6989, Time: 00:06:57

Health: -14/70     AC: 10    Str: 18    XL:     8   Next: 78%
Magic:  7/7        EV: 14    Int:  3    God:
Gold:   285        SH:  0    Dex: 12    Spells: 7/7 levels left

rFire    + . .     SeeInvis .   a - +1 long sword
rCold    + . .     Faith    .   (no shield)
rNeg     + + +     Spirit   .   t - +0 steam dragon scales
rPois    ∞         Reflect  .   c - +0 helmet
rElec    .         Harm     .   k - +0 cloak
rCorr    .         Rampage  .   u - +0 pair of gloves
Will     .....                  h - +0 pair of boots
Stlth    +.........             (no amulet)
HPRegen  0.00/turn              o - ring of protection from fire
MPRegen  0.10/turn              (no ring)

@: brilliant
A: claws 1, cold resistance 1, negative energy resistance 3, inhibited
regeneration, torment resistance, unbreathing
a: no special abilities


You were on level 6 of the Dungeon.
You visited 2 branches of the dungeon, and saw 7 of its levels.

You collected 285 gold pieces.

Inventory:

Hand Weapons
 a - a +1 long sword (weapon)
Missiles
 d - 2 throwing nets (quivered)
Armour
 c - a +0 helmet (worn)
 h - a +0 pair of boots (worn)
 k - a +0 cloak (worn)
 t - +0 steam dragon scales (worn)
 u - a +0 pair of gloves (worn)
Jewellery
 o - a ring of protection from fire (left hand)
Scrolls
 e - 2 scrolls of teleportation
 f - 4 scrolls of amnesia {unknown}
 g - 3 scrolls of identify {unknown}
 j - 3 scrolls of remove curse
 m - 2 scrolls of enchant weapon
 n - a scroll of magic mapping {unknown}
 r - 4 scrolls of fear
 s - 2 scrolls of blinking {unknown}
 y - a scroll of enchant armour {unknown}
Potions
 b - a potion of mutation {unknown}
 i - a potion of haste
 l - a potion of lignification {unknown}
 p - a potion of brilliance
 q - a potion of resistance {unknown}
 v - a potion of attraction {unknown}


   Skills:
 + Level 6.2 Fighting
 + Level 5.5 Long Blades
 - Level 1.7 Throwing
 + Level 4.6 Armour
 + Level 5.5 Dodging


You had 7 spell levels left.
You didn't know any spells.
Your spell library contained the following spells:

 Spells                   Type           Power        Failure   Level
 Freeze                   Ice            0%           52%         1
 Sting                    Tmut/Pois      0%           52%         1
 Blink                    Tloc           N/A          67%         2
 Frozen Ramparts          Ice            0%           88%         3
 Ozocubu's Armour         Ice            0%           88%         3
 Hailstorm                Conj/Ice       0%           99%         4
 Passage of Golubria      Tloc           N/A          99%         4
 Summon Ice Beast         Ice/Summ       0%           99%         4
 Alistair's Intoxication  Tmut/Pois      0%           100%        5
 Dispersal                Tloc           0%           100%        6


Dungeon Overview and Level Annotations

Branches:
Dungeon (6/15)             Temple (1/1) D:5

Altars:
Cheibriados
Dithmenos
Elyvilon
Fedhas
Kikubaaqudgha
Makhleb
Nemelex Xobeh
Qazlal
Ru
Trog
Vehumet
Xom
Zin
The Shining One
Beogh

Shops:
D:5 [

Annotations:
D:4 3 runed translucent doors, epen's ghost, weakling DrDe


Innate Abilities, Weirdness & Mutations

You thrive by killing the living.
You are immune to poison.
You have sharp fingernails.
Your flesh is cold resistant. (rC+)
You are immune to negative energy. (rN+++)
You do not regenerate when monsters are visible.
You are immune to unholy pain and torment.
You can survive without breathing.


Message History

The orc barely misses you.
You riposte.
You hit the orc but do no damage.
The orc warrior hits you with a +0 battleaxe!
* * * LOW HITPOINT WARNING * * *
Something hits you.
* * * LOW HITPOINT WARNING * * *
You are too injured to fight recklessly!
You closely miss something. The orc hits you with a +0 club.
* * * LOW HITPOINT WARNING * * *
The orc hits you but does no damage.
The orc warrior hits you with a +0 battleaxe!
* * * LOW HITPOINT WARNING * * *
Something hits you but does no damage. The orc closely misses you.
You riposte.
You slash the orc!
You kill the orc!
You feel better.
It was a potion of brilliance.
You feel clever all of a sudden. The orc closely misses you.
You riposte.
You closely miss the orc.
The orc warrior hits you with a +0 battleaxe!!
You die...

#.....#......
#.....#......
#########....##.....
##.#..#.####'###.....
+.............##.....
#....?........#######
#....................
##.).##..............
#.{@##.......##.....
#.)oo########## .....
#...(. ..$. #......
.?> ##...... ...
....##.. #....# ...
###### ...


You could see an orc warrior and an orc.

Vanquished Creatures
  Maggie (D:6)
  Duvessa (D:5)
  A phantom (D:4)
  A centaur (D:5)
  Dowan (D:5)
  2 scorpions
  A howler monkey (D:4)
  7 hounds
  A jelly (D:5)
  Crazy Yiuf (D:5)
  2 bullfrog skeletons
  An iguana (D:5)
  An orc wizard (D:5)
  4 worker ants
  5 adders
  8 gnolls
  An ufetubus (D:6)
  An adder skeleton (D:6)
  5 worms
  2 dart slugs (D:1)
  4 leopard geckos
  26 orcs
  14 bats
  4 giant cockroaches
  10 goblins
  16 hobgoblins
  3 jackals (D:2)
  11 kobolds
  A quokka (D:2)
  A ball python (D:2)
  4 frilled lizards
  A giant cockroach zombie (D:5)
  A leopard gecko zombie (D:5)
  A quokka zombie (D:5)
  4 rats
148 creatures vanquished.

Vanquished Creatures (others)
  An orc (D:6)
1 creature vanquished.

Grand Total: 149 creatures vanquished

Notes
Turn   | Place    | Note
-------+----------+-------------------------------------------
     0 | D:1      | Borgoz the Ghoul Gladiator began the quest for the Orb.
     0 | D:1      | Reached XP level 1. HP: 17/17 MP: 0/0
    99 | D:1      | Reached XP level 2. HP: 24/25 MP: 1/1
   489 | D:1      | Reached skill level 1 in Armour
   489 | D:1      | Reached XP level 3. HP: 30/30 MP: 2/2
   753 | D:2      | Found a faded altar of an unknown god.
   980 | D:2      | HP: 1/30 [gnoll/+0 halberd (14)]
  1359 | D:2      | Reached XP level 4. HP: 37/37 MP: 3/3
  1494 | D:2      | Reached skill level 3 in Fighting
  1751 | D:2      | Found a sparkling altar of Nemelex Xobeh.
  2004 | D:2      | Reached XP level 5. HP: 45/45 MP: 4/4
  2295 | D:3      | Found a bloodstained altar of Trog.
  3355 | D:4      | Reached XP level 6. HP: 17/52 MP: 5/5
  3684 | D:4      | Reached skill level 4 in Fighting
  4106 | D:4      | Reached XP level 7. HP: 59/60 MP: 6/6
  4143 | D:4      | Found a runed translucent gate.
  4145 | D:4      | Found a runed translucent gate.
  4145 | D:4      | Found a runed translucent gate.
  4147 | D:4      | Noticed epen's ghost (weakling DrDe)
  4149 | D:4      | Identified the +7 ring mail of Mutualism {rElec rF- Str+5
                  | Int+4}
  4151 | D:4      | Found a roughly hewn altar of Beogh.
  4926 | D:5      | Entered Level 5 of the Dungeon
  5068 | D:5      | Found a staircase to the Ecumenical Temple.
  5087 | Temple   | Entered the Ecumenical Temple
  5253 | D:5      | Found Huterghi's Armour Boutique.
  5569 | D:5      | Reached skill level 5 in Fighting
  5907 | D:5      | Found a white marble altar of Elyvilon.
  6031 | D:5      | Noticed Dowan
  6032 | D:5      | Noticed Duvessa
  6045 | D:5      | Killed Duvessa
  6046 | D:5      | Reached XP level 8. HP: 54/68 MP: 7/7
  6046 | D:5      | Killed Dowan
  6047 | D:5      | Reached skill level 5 in Long Blades
  6093 | D:5      | Identified the Papyrus of the Traveller and Envenoming
  6111 | D:5      | Found a runed translucent door.
  6112 | D:5      | Noticed Crazy Yiuf
  6368 | D:5      | HP: 3/69 [Crazy Yiuf/+3 quarterstaff of chaos (9)]
  6372 | D:5      | Killed Crazy Yiuf
  6373 | D:5      | Reached skill level 5 in Dodging
  6803 | D:6      | Found a blossoming altar of Fedhas.
  6822 | D:6      | Noticed Maggie
  6847 | D:6      | Killed Maggie
  6848 | D:6      | Reached skill level 6 in Fighting
  6988 | D:6      | HP: 1/70 [orc warrior/+0 battleaxe (12)]
  6989 | D:6      | Demolished by an orc warrior

Illustrated notes

Levels and vault maps discovered:
D:1:      scummos_arrival_checkerplants, layout_basic
D:2:      layout_basic, general_overflow_altar,
          chequers_ecumenical_altar_simple_redux, minivault_11,
          minmay_misc_feat_cross, minmay_octomino_c4
D:3:      minmay_bubble_buster, layout_loops_ring, trog_hazing_becter
D:4:      layout_basic, biasface_ghost_orc_armoury
D:5:      layout_loops_ring, old_standard_altar, minmay_temple_entry_overgrown,
          serial_shops, shop, uniq_duvessa, uniq_crazy_yiuf_cottage
D:6:      layout_gridville, fedhas_altar_fruit_tree, minmay_overflow_temple_hex,
          serial_shops, shop, uniq_grinder, uniq_maggie, uniq_prince_ribbit1
Temple:   eino_wide_crystal_templ

Skill      XL: |  1  2  3  4  5  6  7  8 |
---------------+-------------------------+-----
Long Blades    | 3 4 5 |  5.5
Armour         | 1 2 3 4 |  4.6
Dodging        | 3 4 5 |  5.5
Fighting       | 3 4 5 6 |  6.2
Throwing       | |  1.7

Action                   |  1- 3 |  4- 6 |  7- 9 || total
-------------------------+-------+-------+-------++-------
Melee: Long sword        |   102 |   237 |   204 ||   543
Throw: Throwing net      |     2 |     1 |     1 ||     4
  Use: Scroll            |     1 |       |     4 ||     5
       Potion            |     1 |       |     3 ||     4
 Stab: Held in net/web   |       |     1 |     1 ||     2
Armor: Leather armour    |    43 |    72 |    35 ||   150
       Ring mail         |       |       |    29 ||    29
       Steam dragon scal |       |       |    18 ||    18
Dodge: Dodged            |    99 |   178 |   180 ||   457
       Rpst.: Long sword |    34 |    64 |    46 ||   144

Table legend: (Time is in decaauts)
 A = Elapsed time spent in this place.
 B = Non-inter-level travel time spent in this place.
 C = Inter-level travel time spent in this place.
 D = Time resting spent in this place.
 E = Time spent auto-exploring this place.
 F = Levels seen in this place.
 G = Mean time per level.
                   A        B        C        D        E       F      G
               +--------+--------+--------+--------+--------+-----+--------+
         Total |   7078 |   6807 |    271 |   1675 |   3917 |   7 | 1011.1 |
       Dungeon |   7004 |   6756 |    248 |   1675 |   3867 |   6 | 1167.3 |
        Temple |     73 |     50 |     23 |      0 |     50 |   1 |   73.0 |
               +--------+--------+--------+--------+--------+-----+--------+

Top non-repeatable levels by time:
     D:5: 1678 daAuts
     D:4: 1620 daAuts
     D:3: 1268 daAuts
     D:2: 1076 daAuts
     D:1: 1021 daAuts
     D:6: 340 daAuts
  Temple: 73 daAuts
